Map: Ley Lines

Players

Percival

  • Race: Terran Terran
  • Spawn Location: 1:00

Gerald - Winner!

  • Race: Protoss Protoss
  • League: Master
  • Spawn Location: 7:00

VOD

Have the link to the VOD?

Description

Time

  • Played on: June 19, 2025, 8:24 a.m.
  • Length: 10:47
Show
View Real Time Build Order
Export as new Build Order

Percival Terran 

Build Orders:  

Get SALT Encoding   

  12  0:00  SCV  
  13  0:12  SCV  
  14  0:17  Supply Depot  
  14  0:24  SCV  
  15  0:39  SCV  
  15  0:40  Barracks  
  16  0:43  Refinery  
  16  0:51  SCV  
  16  0:55  Refinery  
  17  1:03  SCV  
  18  1:07  Supply Depot  
  18  1:15  SCV  
  19  1:28  Orbital Command, Reaper  
  20  1:42  Factory  
  20  1:53  SCV  
  21  2:00  Reaper  
  22  2:05  SCV  
  23  2:17  Command Center  
  23  2:18  SCV  
  24  2:26  Hellion  
  26  2:31  SCV  
  26  2:32  Barracks Reactor  
  27  2:39  Starport  
  27  2:43  SCV  
  28  2:48  Factory Tech Lab  
  28  2:51  Supply Depot  
  28  2:55  SCV  
  29  3:07  SCV  
  29  3:08  Marine  
  29  3:12  Marine  
  31  3:14  Cyclone  
  31  3:19  Medivac  
  36  3:21  SCV  
  37  3:30  Marine x2  
  39  3:41  SCV, Orbital Command  
  40  3:49  Marine x2  
  40  3:53  SCV  
  40  3:55  Factory Tech Lab, Refinery  
  43  4:02  Banshee, Cloaking Field  
  46  4:05  SCV  
  46  4:09  SCV  
  48  4:13  Supply Depot  
  48  4:15  Marine x2  
  50  4:18  SCV  
  50  4:21  SCV  
  52  4:30  SCV  
  53  4:33  Siege Tank  
  53  4:34  Marine x2  
  53  4:37  SCV, Supply Depot  
  56  4:44  Supply Depot  
  56  4:46  Banshee  
  56  4:48  SCV  
  56  4:49  SCV  
  56  4:52  Marine  
  62  4:59  Marine  
  63  5:01  SCV  
  63  5:04  Barracks  
  63  5:05  Siege Tank  
  63  5:07  SCV  
  66  5:13  SCV  
  67  5:19  Engineering Bay  
  67  5:20  Barracks  
  67  5:24  Marine x2  
  67  5:28  Supply Depot  
  69  5:29  SCV  
  69  5:30  SCV  
  71  5:40  Starport Reactor, Siege Tank  
  71  5:43  SCV x2  
  71  5:47  Terran Infantry Weapons Level 1  
  71  5:48  Refinery  
  70  5:55  SCV x2  
  70  5:56  Supply Depot  
  72  5:59  Supply Depot  
  72  6:00  Marine x2  
  72  6:02  Stimpack  
  74  6:04  Marauder  
  74  6:09  SCV  
  74  6:11  SCV, Supply Depot  
  78  6:19  Combat Shield  
  78  6:21  Marauder  
  78  6:24  Factory Reactor  
  80  6:26  Marauder  
  80  6:27  Marine x2  
  80  6:29  Medivac  
  80  6:30  Medivac  
  82  6:45  Marauder, Marine  
  82  6:46  Barracks  
  85  6:47  Barracks, Marauder  
  85  6:49  Marine  
  88  7:00  Supply Depot  
  88  7:01  Supply Depot  
  88  7:03  Widow Mine x2, Medivac x2  
  88  7:05  Marine  
  88  7:06  Marauder  
  99  7:11  Marauder, Marine  
  102  7:19  Supply Depot  
  99  7:27  Widow Mine x2  
  99  7:28  Marauder  
  105  7:31  Marine x2  
  105  7:34  Liberator x2  
  105  7:36  Marauder, Barracks Tech Lab  
  115  7:39  Barracks Reactor  
  115  7:43  Supply Depot  
  114  7:44  Supply Depot  
  114  7:48  Marine  
  114  7:49  Terran Infantry Armor Level 1, Marine  
  116  7:53  Marauder  
  116  7:56  Marauder  
  116  7:57  Marauder  
  107  8:06  Marine x2  
  91  8:14  Marauder, Marine x2  
  91  8:17  Widow Mine x2  
  91  8:18  Marauder  
  99  8:23  Viking x2  
  99  8:24  Marauder  
  99  8:25  Marine x2  
  103  8:29  Supply Depot  
  103  8:36  Marauder  
  103  8:38  Marine x2  
  103  8:39  Marauder  
  108  8:41  Concussive Shells  
  108  8:44  Marine x2  
  108  8:46  Widow Mine x2  
  113  8:49  Marauder  
  115  8:56  Viking x2  
  115  8:57  Marauder  
  115  9:00  Marine  
  115  9:01  Marine  
  122  9:03  Marauder  
  122  9:09  Marine x2  
  120  9:10  Marauder  
  120  9:12  Widow Mine x2  
  126  9:18  Marine x2  
  126  9:22  Marine  
  119  9:32  Marine x2  
  119  9:33  Marauder x2  
  109  9:39  Marine  
  109  9:40  Marauder, Marine  
  100  9:46  Widow Mine x2  
  100  9:48  Viking x2  
  108  9:53  Marine  
  108  9:54  Marauder, Marine  
  108  9:58  Marine  
  108  9:59  Marauder, Marine  
  106  10:09  Marine  
  106  10:11  Marine  
  106  10:12  Marine  
  107  10:16  Marauder, Widow Mine x2  
  100  10:29  Marine x3  
Show
View Real Time Build Order
Export as new Build Order

Gerald Protoss - Winner!

Build Orders: 1 Gate Expand, Blink Stalkers 

Get SALT Encoding   

  12  0:00  Probe  
  13  0:12  Probe  
  14  0:17  Pylon  
  14  0:23  Probe  
  15  0:31  Probe  
  16  0:36  Gateway  
  16  0:39  Probe  
  16  0:45  Assimilator  
  17  0:51  Probe  
  18  1:03  Probe  
  19  1:15  Probe  
  20  1:24  Cybernetics Core  
  20  1:27  Probe  
  21  1:33  Nexus  
  21  1:39  Probe  
  22  1:43  Pylon  
  22  1:48  Assimilator  
  22  1:49  Stalker  
  22  1:54  Probe  
  25  2:05  Shield Battery  
  25  2:08  Probe  
  26  2:10  Adept  
  26  2:14  Warp Gate  
  26  2:20  Probe  
  29  2:29  Twilight Council  
  29  2:33  Probe  
  30  2:45  Probe, Sentry  
  30  2:46  Probe  
  34  2:57  Probe  
  35  2:59  Probe  
  36  3:09  Probe  
  36  3:11  Probe  
  36  3:12  Shield Battery, Gateway  
  38  3:14  Stalker  
  38  3:19  Blink  
  40  3:21  Probe  
  40  3:23  Probe  
  40  3:26  Pylon  
  42  3:33  Probe  
  43  3:35  Probe  
  44  3:45  Probe, Gateway  
  44  3:47  Probe  
  46  3:57  Probe, Gateway  
  46  3:59  Assimilator, Probe  
  48  4:05  Pylon, Stalker  
  48  4:08  Stalker  
  52  4:10  Probe  
  52  4:23  Probe  
  53  4:26  Probe  
  50  4:34  Nexus, Probe  
  50  4:35  Probe  
  50  4:38  Pylon  
  50  4:43  Probe  
  51  4:47  Probe  
  53  4:53  Robotics Facility  
  53  4:55  Probe  
  53  4:59  Probe  
  55  5:02  Stalker x2  
  55  5:03  Stalker  
  61  5:07  Pylon  
  61  5:09  Probe  
  61  5:13  Probe  
  63  5:15  Charge  
  63  5:19  Forge  
  63  5:23  Probe  
  63  5:25  Probe  
  63  5:26  Assimilator  
  65  5:30  Shield Battery  
  65  5:36  Probe  
  65  5:37  Probe  
  65  5:42  Observer  
  65  5:47  Protoss Ground Armor Level 1, Probe  
  65  5:48  Probe  
  65  5:49  Probe  
  67  5:52  Gateway x2  
  67  5:55  Templar Archives  
  67  5:59  Observer  
  67  6:00  Probe x2  
  67  6:01  Probe  
  71  6:08  Stalker  
  71  6:09  Zealot  
  75  6:12  Probe x2  
  75  6:14  Probe  
  75  6:16  Observer  
  75  6:17  Psionic Storm, Stalker  
  78  6:24  Probe  
  76  6:30  Probe  
  76  6:32  Probe  
  75  6:36  Probe  
  75  6:39  High Templar  
  78  6:42  Probe  
  78  6:43  High Templar  
  78  6:44  Zealot x2, Probe  
  86  6:48  Probe, Gateway  
  86  6:52  Gateway  
  87  6:54  Probe  
  87  6:56  Pylon  
  87  6:57  Probe  
  89  7:03  Gateway x2  
  89  7:05  Probe  
  89  7:07  High Templar  
  92  7:13  Pylon  
  92  7:15  Warp Prism  
  94  7:17  Probe  
  94  7:19  Pylon  
  95  7:28  Probe  
  96  7:31  Nexus, Protoss Ground Weapons Level 1  
  96  7:33  Zealot, High Templar x2  
  96  7:34  Zealot  
  104  7:42  Zealot x2  
  108  7:45  Probe  
  109  7:54  Zealot x4  
  109  7:57  Pylon  
  117  8:02  Zealot  
  99  8:16  Probe  
  99  8:17  Archon  
  99  8:19  Zealot x9  
  118  8:25  Probe  
  118  8:26  Probe  
  116  8:28  Probe  
  117  8:37  Probe  
  116  8:42  Probe  
  116  8:44  High Templar x4  
  116  8:45  Zealot x6  
  116  8:46  Shield Battery  
  137  8:51  Probe  
  137  8:52  Archon  
  138  9:02  Immortal  
  128  9:10  Stalker x3  
  128  9:11  Zealot x3  
  128  9:14  Pylon x2  
  136  9:37  Immortal  
  126  9:39  Stalker  
  126  9:40  Stalker x3  
  126  9:41  Zealot x6  
  126  9:45  Archon  
  144  9:52  Probe x3  
  145  10:09  Nexus  
  137  10:17  Zealot x9  
Tags
 
Composition
Blink Stalkers
League
Master
Matchup
PvT
Player
Gerald
Spawn Locations
Cross Positions
Add a new tag
Caveats
  • Supply blocks, unpowered buildings, or Contaminate may cause inaccurate times.
  • Supply counts are checked every 10 seconds.